 Dungeon Crawl Stone Soup version 0.31-a0-848-gaac375c287 (webtiles) character file.

Game seed: 7318632252618507962

17 Kurtz the Sneak (level 2, 0/14 HPs)
             Began as a Felid Delver on Oct 4, 2023.
             Succumbed to an adder's poison
             ... on level 2 of the Dungeon.
             The game lasted 00:01:03 (421 turns).

Kurtz the Sneak (Felid Delver)                       Turns: 421, Time: 00:01:03

Health: 0/14       AC:  1    Str:  8    XL:     2   Next: 44%
Magic:  3/3        EV: 17    Int: 11    God:
Gold:   13         SH:  0    Dex: 17    Spells: 1/1 levels left
                                        Lives:  0   Deaths: 1

rFire   . .          .
                       - Unarmed
rCold   . . .        (shield unavailable)
rNeg    . . .        (body armour unavailable)
rPois   .            (helmet unavailable)
rElec   .            (cloak unavailable)
rCorr   .            (gloves unavailable)
SInv    +            (boots unavailable)
Will    .....        (no amulet)
Stlth   +++          (no ring)
HPRegen 0.22/turn    (no ring)
MPRegen 0.08/turn

%: no passive effects
@: lethally poisoned (0 -> -9), quick
A: very small, claws 1, fangs 3, see invisible, speed 1, shaggy fur 1, stealthy
paws, no weapons or thrown items, no armour, multi-lived
a: no special abilities


You were on level 2 of the Dungeon.
You visited 1 branch of the dungeon, and saw 4 of its levels.

You collected 13 gold pieces.

Inventory:

Wands
 e - a wand of digging (3)
Scrolls
 a - a scroll of fog
 b - a scroll of revelation
 c - a scroll of fear
 g - a scroll of identify {unknown}


   Skills:
 - Level 3.0 Fighting
 - Level 2.6 Dodging
 - Level 6.6 Stealth
 * Level 3.1 Unarmed Combat


You had one spell level left.
You didn't know any spells.
Your spell library was empty.

Dungeon Overview and Level Annotations

Branches:
Dungeon (5/15)
 Temple: D:4-7

Altars:

Shops:
D:5 [

Annotations:
D:3 Grinder


Innate Abilities, Weirdness & Mutations

You have sharp claws.
You have razor-sharp teeth.
You have supernaturally acute eyesight. (SInv)
You cover ground quickly. (Speed+)
You are covered in fur. (AC +1)
Your paws help you pounce on unaware monsters.
You are incapable of wielding weapons or throwing items.
You cannot wear armour.
You gain extra lives every three experience levels.


Message History

HP restored.
You start waiting.
An adder comes into view.
The adder hisses angrily.
You barely miss the adder. The adder closely misses you.
You closely miss the adder. The adder misses you. The adder bites you.
You are poisoned.
The adder poisons you!
You scratch the adder but do no damage.
You feel sick. The adder completely misses you.
You closely miss the adder. You claw the adder.
The adder is moderately wounded.
You feel sick. The adder misses you.
You scratch the adder.
The adder is severely wounded.
You feel sick. The adder barely misses you.
You scratch the adder but do no damage. Your bite misses the adder.
The adder is severely wounded.
You feel sick.
You are no longer poisoned.
The adder misses you.
You miss the adder.
The adder is severely wounded.
The adder bites you. x2
You are poisoned.
The adder poisons you!
You barely miss the adder.
The adder is severely wounded.
* * * LOW HITPOINT WARNING * * *
You feel sick. The adder bites you.
* * * LOW HITPOINT WARNING * * *
You are more poisoned.
The adder poisons you!
You scratch the adder but do no damage.
The adder is severely wounded.
* * * LOW HITPOINT WARNING * * *
You feel sick. The adder misses you.
You miss the adder.
The adder is severely wounded.
You die...

######## #......
####### #......
#.>...######.....
#................
#.............#
#...........S.+
#...........@.####
#................#
#................#
#..........).....#
######...........#
######.#.####
#.#.# #.### #.#


You could see an adder.

Vanquished Creatures
  An adder (D:2)
  An ufetubus (D:5)
  2 ball pythons
  A frilled lizard (D:3)
5 creatures vanquished.

Notes
Turn   | Place    | Note
-------+----------+-------------------------------------------
     0 | D:5      | Kurtz the Felid Delver began the quest for the Orb.
     0 | D:5      | Reached XP level 1. HP: 10/10 MP: 2/2
    93 | D:5      | Identified the +1 pair of gloves of the Boiling Point
                  | {rElec Str+2 Int-5}
    96 | D:5      | Found Volutuli's Armour Shop.
   245 | D:3      | Noticed Grinder
   249 | D:3      | Paralysed by Grinder for 2 turns
   261 | D:3      | Killed from afar by Grinder
   286 | D:3      | Reached XP level 2. HP: 14/14 MP: 3/3
   421 | D:2      | Succumbed to an adder's poison

Illustrated notes

Levels and vault maps discovered:
D:2:      layout_basic, shapermc_ecumenical_altar_mp_highgroup, basic_altar,
          minmay_diced_spiral
D:3:      layout_basic, minmay_lizard_king, uniq_grinder
D:4:      layout_loops_ring, serial_glass, glass_columns_b, glass_columns_a,
          glass_columns_a, glass_columns_a, glass_columns_a, glass_columns_a,
          glass_columns_c, glass_columns_a, feat_on_display,
          minmay_strange_pillars, feat_on_display, dreamdust_princess_corridor,
          chequers_serial_rivers_room_b, nicolae_shop_gadgets,
          uniq_crazy_yiuf_cottage
D:5:      layout_basic, serial_shops, shop, st_stairs_7

Skill      XL: |  1  2 |
---------------+-------+-----
Unarmed Combat | 3 |  3.1
Fighting       | |  3.0
Dodging        | |  2.6
Stealth        | |  6.6

Action                     || total
---------------------------++-------
  Melee: Unarmed           ||    30
         Bite              ||     2
         Punch             ||     1
    Use: Potion            ||     2
   Stab: Sleeping          ||     2
 Armour: Skin              ||    10
  Dodge: Dodged            ||    18

Table legend: (Time is in decaauts)
 A = Elapsed time spent in this place.
 B = Non-inter-level travel time spent in this place.
 C = Inter-level travel time spent in this place.
 D = Time resting spent in this place.
 E = Time spent auto-exploring this place.
 F = Levels seen in this place.
 G = Mean time per level.
                   A        B        C        D        E       F      G
               +--------+--------+--------+--------+--------+-----+--------+
         Total |    378 |    378 |      0 |    184 |     79 |   4 |   94.5 |
       Dungeon |    378 |    378 |      0 |    184 |     79 |   4 |   94.5 |
               +--------+--------+--------+--------+--------+-----+--------+

Top non-repeatable levels by time:
     D:5: 199 daAuts
     D:2: 88 daAuts
     D:3: 75 daAuts
     D:4: 15 daAuts
